 Dungeon Crawl Stone Soup version 0.29.1 (webtiles) character file.

Game seed: 15133133839718432985

91 Icepheonix32 the Covered (level 4, -6/40 HPs)
             Began as a Minotaur Fighter on Sept 13, 2022.
             Mangled by a worm (12 damage)
             ... on level 3 of the Dungeon.
             The game lasted 00:01:30 (1769 turns).

Icepheonix32 the Covered (Minotaur Fighter)         Turns: 1769, Time: 00:01:31

Health: -6/40      AC:  7    Str: 23    XL:     4   Next: 33%
Magic:  3/3        EV:  9    Int:  5    God:
Gold:   108        SH:  4    Dex:  9    Spells: 3/3 levels left

rFire   . . .      SeeInvis +   a - +0 long sword
rCold   . . .      Faith    .   c - +0 buckler
rNeg    . . .      Spirit   .   b - +0 scale mail
rPois   .          Reflect  .   (helmet restricted)
rElec   .          Harm     .   (no cloak)
rCorr   .          Rampage  .   (no gloves)
Will    .....                   (no boots)
Stlth   ..........              (no amulet)
HPRegen 0.13/turn               i - ring of see invisible
MPRegen 0.08/turn               (no ring)

@: no status effects
A: horns 2, retaliatory headbutt
a: no special abilities


You were on level 3 of the Dungeon.
You visited 1 branch of the dungeon, and saw 3 of its levels.

You collected 108 gold pieces.

Inventory:

Hand Weapons
 a - a +0 long sword (weapon)
Armour
 b - a +0 scale mail (worn)
 c - a +0 buckler (worn)
Jewellery
 i - a ring of see invisible (left hand)
Scrolls
 e - 2 scrolls of noise {unknown}
 g - a scroll of immolation {unknown}
 j - a scroll of teleportation {unknown}
 k - a scroll of enchant weapon {unknown}
 l - a scroll of identify {unknown}
 m - 3 scrolls of blinking {unknown}
 o - a scroll of amnesia {unknown}
 q - a scroll of poison {unknown}
Potions
 d - 2 potions of might
 h - 2 potions of invisibility
 n - a potion of heal wounds {unknown}
 p - a potion of cancellation {unknown}


   Skills:
 * Level 3.9 Fighting
 * Level 4.3 Long Blades
 + Level 4.4 Armour
 + Level 0.2 Stealth
 + Level 4.0 Shields


You had 3 spell levels left.
You didn't know any spells.
Your spell library contained the following spells:

 Spells                   Type           Power      Damage    Failure   Level
 Apportation              Tloc           0%         N/A       86%         1
 Necrotise                Necr           0%         1d4       86%         1
 Summon Small Mammal      Summ           0%         N/A       86%         1
 Alistair's Intoxication  Tmut/Pois      0%         N/A       100%        5


Dungeon Overview and Level Annotations

Branches:
Dungeon (3/15)

Altars:
Trog


Innate Abilities, Weirdness & Mutations

You have a pair of horns on your head.
You reflexively headbutt those who attack you in melee.


Message History

You hit the rat.
You kill the rat!
You hit the rat.
You kill the rat!
You block the worm's attack.
Things that are here:
a rat corpse; a rat corpse You slash the worm!
The worm is moderately wounded.
You hit the worm.
The worm is heavily wounded.
The worm bites you.
You hit the worm.
The worm is heavily wounded.
The worm bites you.
You slash the worm!
The worm is almost dead.
You slash the worm!
You kill the worm!
Found a dagger and a whip.
No reachable target in view!
No reachable target in view!
No reachable target in view!
No reachable target in view!
The moth of wrath goads the worm on!
The worm goes berserk!
You hit the worm.
The worm is lightly wounded.
The worm bites you! The worm bites you.
You slash the worm!
The worm is moderately wounded.
The worm bites you!
* * * LOW HITPOINT WARNING * * *
You hit the worm. You headbutt the worm.
The worm is heavily wounded.
The worm closely misses you. You furiously retaliate!
You headbutt the worm, but do no damage.
You hit the worm.
The worm is heavily wounded.
The worm bites you!
You die...

##### #...# ....# #...#
###### ##.## ##....###
#.# ##...@...## ##.####
#....w...)# ......###
#....#....#
##.##...####...###...)#
#.##.#..††....#y#._.)#
#.##.######...###..).#
#.##.# #....#....##
.....# #.........# #
#.#### ###.......## ##


You could see a moth of wrath and a worm (berserk).

Vanquished Creatures
  Natasha (D:2)
  An adder (D:2)
  4 worms
  A dart slug (D:2)
  5 ball pythons
  3 bats
  2 endoplasms (D:2)
  4 giant cockroaches
  A goblin (D:2)
  7 hobgoblins
  3 jackals (D:2)
  2 quokkas
  2 kobolds
  4 rats
40 creatures vanquished.

Notes
Turn   | Place    | Note
-------+----------+-------------------------------------------
     0 | D:1      | Icepheonix32 the Minotaur Fighter began the quest for the
                  | Orb.
     0 | D:1      | Reached XP level 1. HP: 19/19 MP: 0/0
   126 | D:1      | Found a faded altar of an unknown god.
   267 | D:1      | Reached XP level 2. HP: 23/27 MP: 1/1
   832 | D:2      | Reached XP level 3. HP: 25/33 MP: 2/2
  1238 | D:2      | Noticed Natasha
  1253 | D:2      | Killed Natasha
  1254 | D:2      | Reached XP level 4. HP: 36/40 MP: 3/3
  1733 | D:3      | Noticed a moth of wrath
  1736 | D:3      | Found a bloodstained altar of Trog.
  1769 | D:3      | Mangled by a worm

Illustrated notes

Levels and vault maps discovered:
D:1:      dpeg_arrival_three_same_balls, layout_basic,
          shapermc_ecumenical_altar_petra
D:2:      layout_basic, uniq_natasha
D:3:      layout_loops_corners, tgw_trog, chequers_serial_rivers_micro_c,
          uniq_sigmund

Skill      XL: |  1  2  3 |
---------------+----------+-----
Armour         | 4 |  4.4
Shields        | 4 |  4.0
Long Blades    | 4 |  4.3
Fighting       | |  3.9
Stealth        | |  0.2

Action                   |  1- 3 |  4- 6 || total
-------------------------+-------+-------++-------
Melee: Long sword        |   101 |    39 ||   140
       Headbutt          |    16 |     6 ||    22
  Use: Potion            |     1 |       ||     1
Armor: Scale mail        |    66 |    22 ||    88
Dodge: Dodged            |    65 |    14 ||    79
Block: Buckler           |    27 |     6 ||    33
